TOP OF THE 1ST |
San Diego Padres batting - Pitching for Houston Astros : RHP Steve Bedrosian
|
Pitching: RHP Steve Bedrosian
|
|
Batting: RHB Bob Dernier
|
0-0: Ball 1-0: Foul Ball, location: 2F 1-1: Foul Ball, location: 2F 1-2: Ball 2-2: Foul Ball, location: 2F 2-2: Ball 3-2: Foul Ball, location: 2F 3-2: Foul Ball, location: 2F 3-2: Base on Balls
|
Batting: RHB Dennis Dungy
|
0-0: Ball 1-0: Fielders Choice at 2nd, 5-4 (Groundball, 56, EV 84.4 MPH)
|
Batting: LHB Tom Dunbar
|
0-0: Ball 1-0: SINGLE (Groundball, 4MD, EV 101.3 MPH) Dennis Dungy to second Runner from 2nd tries for 3rd, SAFE, no throw by CF
|
Batting: RHB Joel Youngblood
|
0-0: Ball 1-0: Foul Ball, location: 2F 1-1: Ball Tom Dunbar steals 2nd base 2-1: Ball 3-1: Called Strike 3-2: Fly out, F6 (Line Drive, 6, EV 69.4 MPH)
|
Batting: LHB Jerry McDonald
|
0-0: Ball 1-0: Ball 2-0: Ball 3-0: Fly out, F7 (Flyball, 7LS, EV 86.9 MPH)
|
Top of the 1st over - 0 runs, 1 hit, 0 errors, 2 left on base; San Diego 0 - Houston 0 |
BOTTOM OF THE 1ST |
Houston Astros batting - Pitching for San Diego Padres : LHP Bryan Hardy
|
Pitching: LHP Bryan Hardy
|
|
Batting: RHB Julio Franco
|
0-0: Ball 1-0: Swinging Strike 1-1: Swinging Strike 1-2: Ball 2-2: SINGLE (Line Drive, 56D, EV 100.0 MPH)
|
Batting: RHB John Castino
|
0-0: Ground out U3 (Groundball, 3S, EV 70.0 MPH) Julio Franco to second
|
Batting: RHB Zail Smith
|
0-0: Ball 1-0: Ball 2-0: Foul Ball, location: 2F 2-1: Called Strike 2-2: Foul Ball, location: 2F 2-2: Foul Ball, location: 2F 2-2: SINGLE (Line Drive, 78S, EV 100.0 MPH) Julio Franco to third Runner from 3rd tries for Home, SAFE, throw by CF to home
|
Batting: LHB Steve Kemp
|
0-0: Ball 1-0: Foul Ball, location: 2F 1-1: Ball 2-1: Called Strike 2-2: Strikes out swinging
|
Batting: LHB Jose Cruz
|
0-0: Ball 1-0: Ball 2-0: Swinging Strike 2-1: Ball 3-1: Swinging Strike 3-2: Ground out U3 (Groundball, 3S, EV 84.4 MPH)
|
Bottom of the 1st over - 1 run, 2 hits, 0 errors, 1 left on base; San Diego 0 - Houston 1 |
TOP OF THE 2ND |
San Diego Padres batting - Pitching for Houston Astros : RHP Steve Bedrosian
|
Batting: RHB Heriberto Soltero
|
0-0: Ball 1-0: Fly out, F1 (Line Drive, P, EV 67.5 MPH)
|
Batting: LHB Darrell Porter
|
0-0: Ball 1-0: Ball 2-0: Ball 3-0: Called Strike 3-1: Base on Balls
|
Batting: RHB Dave Edler
|
0-0: Called Strike Darrell Porter steals 2nd base 0-1: Foul Ball, location: 2F 0-2: Ball 1-2: Foul Ball, location: 2F 1-2: 2-RUN HOME RUN (Flyball, 7LD, EV 93.8 MPH), Distance : 365 ft
|
Batting: RHB Bryan Hardy
|
0-0: Ball 1-0: Called Strike 1-1: Foul Ball, location: 2F 1-2: Ground out 6-3 (Groundball, 6, EV 96.9 MPH)
|
Batting: RHB Bob Dernier
|
0-0: Ball 1-0: Ground out 5-3 (Groundball, 56, EV 104.4 MPH)
|
Top of the 2nd over - 2 runs, 1 hit, 0 errors, 0 left on base; San Diego 2 - Houston 1 |
BOTTOM OF THE 2ND |
Houston Astros batting - Pitching for San Diego Padres : LHP Bryan Hardy
|
Batting: SHB Christopher Clark
|
0-0: Ball 1-0: Ball 2-0: Called Strike 2-1: Ball 3-1: Swinging Strike 3-2: Base on Balls
|
Batting: LHB Jerry Narron
|
0-0: Called Strike 0-1: Ball 1-1: Ball 2-1: Ball 3-1: Foul Ball, location: 2F 3-2: Fly out, F7 (Flyball, 7LD, EV 110.0 MPH) Runner from 1st tags up, SAFE at 2nd
|
Batting: SHB Bill D Doran
|
0-0: Ball 1-0: Ball 2-0: Foul Ball, location: 2F 2-1: Ball 3-1: Fly out, F9 (Flyball, 9, EV 91.3 MPH)
|
Batting: RHB Steve Bedrosian
|
0-0: Ball 1-0: Foul Ball, location: 2F 1-1: Ball 2-1: Foul Ball, location: 2F 2-2: Strikes out swinging
|
Bottom of the 2nd over - 0 runs, 0 hits, 0 errors, 1 left on base; San Diego 2 - Houston 1 |
TOP OF THE 3RD |
San Diego Padres batting - Pitching for Houston Astros : RHP Steve Bedrosian
|
Batting: RHB Dennis Dungy
|
0-0: Called Strike 0-1: Swinging Strike 0-2: Ball 1-2: Ball 2-2: Hit by Pitch
|
Batting: LHB Tom Dunbar
|
0-0: Ball Dennis Dungy steals 2nd base 1-0: Called Strike 1-1: Ball 2-1: Foul Ball, location: 2F 2-2: Foul Ball, location: 2F 2-2: Foul Ball, location: 2F 2-2: SINGLE (Groundball, 4MD, EV 100.6 MPH) Dennis Dungy to third Runner from 3rd tries for Home, SAFE, throw by CF to home
|
Batting: RHB Joel Youngblood
|
0-0: Ball 1-0: Swinging Strike 1-1: Called Strike 1-2: Ball 2-2: SINGLE (Groundball, 56D, EV 98.1 MPH) Tom Dunbar to second
|
Batting: LHB Jerry McDonald
|
0-0: Swinging Strike 0-1: Ball 1-1: Foul Ball, location: 2F 1-2: Ball 2-2: Foul Ball, location: 2F 2-2: Reached on error, E1 (Groundball, 34S, EV 75.6 MPH) Tom Dunbar to third Joel Youngblood to second
|
Batting: RHB Heriberto Soltero
|
0-0: Ball 1-0: Foul Ball, location: 2F 1-1: Ball 2-1: Called Strike 2-2: Foul Ball, location: 2F 2-2: Strikes out swinging
|
Batting: LHB Darrell Porter
|
0-0: Called Strike 0-1: Ball 1-1: Called Strike 1-2: Ball 2-2: Strikes out looking
|
Batting: RHB Dave Edler
|
0-0: Ball 1-0: Fielders Choice at 2nd, 6-4 (Groundball, 6, EV 86.3 MPH)
|
Top of the 3rd over - 1 run, 2 hits, 1 error, 3 left on base; San Diego 3 - Houston 1 |
BOTTOM OF THE 3RD |
Houston Astros batting - Pitching for San Diego Padres : LHP Bryan Hardy
|
Batting: RHB Julio Franco
|
0-0: Ball 1-0: SINGLE (Groundball, 6MD, EV 106.3 MPH)
|
Batting: RHB John Castino
|
0-0: Ball 1-0: Called Strike 1-1: Fly out, F4 (Flyball, 3D, EV 86.3 MPH)
|
Batting: RHB Zail Smith
|
0-0: Ball 1-0: Foul Ball, location: 2F 1-1: Fly out, F7 (Flyball, 78M, EV 82.5 MPH)
|
Batting: LHB Steve Kemp
|
0-0: Ball 1-0: Ball 2-0: Fly out, F5 (Popup, 5F, EV 63.1 MPH)
|
Bottom of the 3rd over - 0 runs, 1 hit, 0 errors, 1 left on base; San Diego 3 - Houston 1 |
TOP OF THE 4TH |
San Diego Padres batting - Pitching for Houston Astros : RHP Steve Bedrosian
|
Batting: RHB Bryan Hardy
|
0-0: Called Strike 0-1: Ground out U3 (Groundball, 34, EV 81.3 MPH)
|
Batting: RHB Bob Dernier
|
0-0: SINGLE (Line Drive, 89M, EV 96.3 MPH)
|
Batting: RHB Dennis Dungy
|
0-0: Ball 1-0: Called Strike 1-1: Foul Ball, location: 2F 1-2: Foul Ball, location: 2F 1-2: Foul Ball, location: 2F 1-2: Foul Ball, location: 2F 1-2: Strikes out looking
|
Batting: LHB Tom Dunbar
|
0-0: Ball Bob Dernier steals 2nd base (no throw) 1-0: Called Strike 1-1: Foul Ball, location: 2F 1-2: Strikes out swinging
|
Top of the 4th over - 0 runs, 1 hit, 0 errors, 1 left on base; San Diego 3 - Houston 1 |
BOTTOM OF THE 4TH |
Houston Astros batting - Pitching for San Diego Padres : LHP Bryan Hardy
|
Batting: LHB Jose Cruz
|
0-0: Ball 1-0: Ball 2-0: Ground out 6-3 (Groundball, 6S, EV 81.3 MPH)
|
Batting: SHB Christopher Clark
|
0-0: Called Strike 0-1: Swinging Strike 0-2: Foul Ball, location: 2F 0-2: Ball 1-2: Foul Ball, location: 2F 1-2: SINGLE (Groundball, 6D, EV 99.4 MPH)
|
Batting: LHB Jerry Narron
|
0-0: Called Strike 0-1: Foul Ball, location: 2F 0-2: Ball 1-2: Ball 2-2: Strikes out swinging
|
Batting: SHB Bill D Doran
|
0-0: Ball 1-0: Ball 2-0: Called Strike 2-1: Foul Ball, location: 2F 2-2: Ball 3-2: Foul Ball, location: 2F 3-2: SINGLE (Line Drive, 6MD, EV 102.5 MPH) Christopher Clark to second Christopher Clark to third
|
Batting: RHB Steve Bedrosian
|
0-0: Swinging Strike 0-1: Fielders Choice at 2nd, 5-4 (Groundball, 5L, EV 94.4 MPH)
|
Bottom of the 4th over - 0 runs, 2 hits, 0 errors, 2 left on base; San Diego 3 - Houston 1 |
TOP OF THE 5TH |
San Diego Padres batting - Pitching for Houston Astros : RHP Steve Bedrosian
|
Batting: RHB Joel Youngblood
|
0-0: Called Strike 0-1: Ball 1-1: Ball 2-1: Foul Ball, location: 2F 2-2: Ball 3-2: Ground out 5-3 (Groundball, 56S, EV 86.9 MPH)
|
Batting: LHB Jerry McDonald
|
0-0: Called Strike 0-1: Swinging Strike 0-2: Strikes out swinging
|
Batting: RHB Heriberto Soltero
|
0-0: Fly out, F9 (Flyball, 89M, EV 89.4 MPH)
|
Top of the 5th over - 0 runs, 0 hits, 0 errors, 0 left on base; San Diego 3 - Houston 1 |
BOTTOM OF THE 5TH |
Houston Astros batting - Pitching for San Diego Padres : LHP Bryan Hardy
|
Batting: RHB Julio Franco
|
0-0: Called Strike 0-1: Called Strike 0-2: Strikes out looking
|
Batting: RHB John Castino
|
0-0: Fly out, F8 (Line Drive, 8RM, EV 93.8 MPH)
|
Batting: RHB Zail Smith
|
0-0: Ball 1-0: Fly out, F5 (Popup, 5SF, EV 73.8 MPH)
|
Bottom of the 5th over - 0 runs, 0 hits, 0 errors, 0 left on base; San Diego 3 - Houston 1 |
TOP OF THE 6TH |
San Diego Padres batting - Pitching for Houston Astros : RHP Steve Bedrosian
|
Batting: LHB Darrell Porter
|
0-0: Ball 1-0: Ball 2-0: DOUBLE (Flyball, 8RXD, EV 96.9 MPH)
|
Batting: RHB Dave Edler
|
0-0: Called Strike 0-1: Ball 1-1: Swinging Strike 1-2: Ball 2-2: Foul Ball, location: 2F 2-2: Foul Ball, location: 2F 2-2: Ball 3-2: Ground out 4-3 (Groundball, 4M, EV 80.0 MPH) Darrell Porter to third
|
Batting: RHB Bryan Hardy
|
0-0: Foul Ball, location: 2F 0-1: Called Strike 0-2: Ball 1-2: Ball 2-2: Ball 3-2: Strikes out swinging
|
Batting: RHB Bob Dernier
|
0-0: Called Strike 0-1: Ball 1-1: Ball 2-1: Swinging Strike 2-2: Ground out 4-3 (Groundball, 4, EV 90.6 MPH)
|
Top of the 6th over - 0 runs, 1 hit, 0 errors, 1 left on base; San Diego 3 - Houston 1 |
BOTTOM OF THE 6TH |
Houston Astros batting - Pitching for San Diego Padres : LHP Bryan Hardy
|
Batting: LHB Steve Kemp
|
0-0: Called Strike 0-1: Foul Ball, location: 2F 0-2: Ball 1-2: Fly out, F9 (Line Drive, 9D, EV 101.3 MPH)
|
Batting: LHB Jose Cruz
|
0-0: Called Strike 0-1: Swinging Strike 0-2: Foul Ball, location: 2F 0-2: Ball 1-2: Foul Ball, location: 2F 1-2: Fly out, F7 (Flyball, 78M, EV 88.1 MPH)
|
Batting: SHB Christopher Clark
|
0-0: Called Strike 0-1: Fly out, F8 (Line Drive, 8LM, EV 91.9 MPH)
|
Bottom of the 6th over - 0 runs, 0 hits, 0 errors, 0 left on base; San Diego 3 - Houston 1 |
TOP OF THE 7TH |
San Diego Padres batting - Pitching for Houston Astros : RHP Steve Bedrosian
|
Batting: RHB Dennis Dungy
|
0-0: Foul Ball, location: 2F 0-1: Ball 1-1: Called Strike 1-2: Ball 2-2: SINGLE (Groundball, 5S, EV 72.5 MPH) (infield hit)
|
Batting: LHB Tom Dunbar
|
0-0: Ball 1-0: Ball 2-0: Ball 3-0: Called Strike 3-1: SINGLE (Line Drive, 7S, EV 104.4 MPH) Dennis Dungy to second Runner from 2nd tries for 3rd, SAFE, no throw by LF
|
Batting: RHB Joel Youngblood
|
0-0: Ball 1-0: Grounds into double play, 6-4-3 (Groundball, 6, EV 99.4 MPH) Dennis Dungy scores
|
Batting: LHB Jerry McDonald
|
0-0: Ball 1-0: Called Strike 1-1: Called Strike 1-2: Strikes out looking
|
Top of the 7th over - 1 run, 2 hits, 0 errors, 0 left on base; San Diego 4 - Houston 1 |
BOTTOM OF THE 7TH |
Houston Astros batting - Pitching for San Diego Padres : LHP Bryan Hardy
|
Batting: LHB Jerry Narron
|
0-0: Called Strike 0-1: Ball 1-1: DOUBLE (Groundball, 5L, EV 93.8 MPH)
|
Batting: SHB Bill D Doran
|
0-0: Ball 1-0: Swinging Strike 1-1: Ball 2-1: Ball 3-1: Ground out 5-3 (Groundball, 56S, EV 76.3 MPH) Jerry Narron to third
|
Pinch Hitting: LHB George Vukovich
|
0-0: Ground out 1-3 (Groundball, 13S, EV 73.1 MPH)
|
Batting: RHB Julio Franco
|
0-0: Ball 1-0: Swinging Strike 1-1: Called Strike 1-2: Ground out 6-3 (Groundball, 6, EV 77.5 MPH)
|
Bottom of the 7th over - 0 runs, 1 hit, 0 errors, 1 left on base; San Diego 4 - Houston 1 |
TOP OF THE 8TH |
San Diego Padres batting - Pitching for Houston Astros : RHP Steve Bedrosian
|
Pitching: LHP Terry Forster
|
|
Batting: RHB Heriberto Soltero
|
0-0: Swinging Strike 0-1: Called Strike 0-2: Ball 1-2: Strikes out looking
|
Batting: LHB Darrell Porter
|
0-0: Foul Ball, location: 2F 0-1: Called Strike 0-2: Ball 1-2: Strikes out swinging
|
Batting: RHB Dave Edler
|
0-0: Ground out U3 (Groundball, 34S, EV 81.9 MPH)
|
Top of the 8th over - 0 runs, 0 hits, 0 errors, 0 left on base; San Diego 4 - Houston 1 |
BOTTOM OF THE 8TH |
Houston Astros batting - Pitching for San Diego Padres : LHP Bryan Hardy
|
Batting: RHB John Castino
|
0-0: Ball 1-0: Ball 2-0: Ball 3-0: Called Strike 3-1: SINGLE (Groundball, 5S, EV 68.8 MPH) (infield hit)
|
Batting: RHB Zail Smith
|
0-0: Ball 1-0: Grounds into double play, 6-4-3 (Groundball, 6S, EV 89.4 MPH)
|
Batting: LHB Steve Kemp
|
0-0: Ball 1-0: Ball 2-0: Called Strike 2-1: Foul Ball, location: 2F 2-2: Strikes out swinging
|
Bottom of the 8th over - 0 runs, 1 hit, 0 errors, 0 left on base; San Diego 4 - Houston 1 |
TOP OF THE 9TH |
San Diego Padres batting - Pitching for Houston Astros : LHP Terry Forster
|
Pinch Hitting: LHB Chris Chambliss
|
0-0: SINGLE (Flyball, 56D, EV 85.0 MPH)
|
Batting: RHB Bob Dernier
|
0-0: Called Strike 0-1: Sac Bunt to 13S - play at first, batter OUT! 1-3 Chris Chambliss to second
|
Batting: RHB Dennis Dungy
|
0-0: Intentional Walk
|
Batting: LHB Tom Dunbar
|
0-0: Foul Ball, location: 2F 0-1: Foul Ball, location: 2F 0-2: Fly out, F8 (Flyball, 8RD, EV 98.1 MPH)
|
Pitching: RHP Ramon Molina
|
|
Batting: RHB Joel Youngblood
|
0-0: Called Strike 0-1: Foul Ball, location: 2F 0-2: Ball 1-2: Ball 2-2: Foul Ball, location: 2F 2-2: Ground out 4-3 (Groundball, 34D, EV 87.5 MPH)
|
Top of the 9th over - 0 runs, 1 hit, 0 errors, 2 left on base; San Diego 4 - Houston 1 |
BOTTOM OF THE 9TH |
Houston Astros batting - Pitching for San Diego Padres : LHP Bryan Hardy
|
Pitching: RHP David Sandoval
|
|
Batting: LHB Jose Cruz
|
0-0: Fly out, F7 (Flyball, 78D, EV 95.6 MPH)
|
Batting: SHB Christopher Clark
|
0-0: Called Strike 0-1: Ball 1-1: Foul Ball, location: 2F 1-2: Foul Ball, location: 2F 1-2: Ball 2-2: Strikes out swinging
|
Batting: LHB Jerry Narron
|
0-0: Foul Ball, location: 2F 0-1: Foul Ball, location: 2F 0-2: Strikes out looking
|
Bottom of the 9th over - 0 runs, 0 hits, 0 errors, 0 left on base; San Diego 4 - Houston 1 |
|